 Dungeon Crawl Stone Soup version 0.25-a0-353-ged6d54792d (webtiles) character file.

Game seed: 5632973481193842420, levelgen mode: deterministic

532 BritishOli the Slasher (level 7, -1/53 HPs)
             Began as a Demonspawn Gladiator on Jan 2, 2020.
             Killed by divine providence
             ... invoked by an orc priest
              (12 damage)
             ... on level 5 of the Dungeon.
             The game lasted 00:05:02 (5006 turns).

BritishOli the Slasher (Demonspawn Gladiator)       Turns: 5006, Time: 00:05:03

Health: -1/53      AC: 13    Str: 16    XL:     7   Next: 3%
Magic:  7/7        EV: 11    Int:  9    God:
Gold:   329        SH:  0    Dex: 15    Spells: 6/6 levels left

rFire    + . .     SeeInvis .   a - +0 long sword
rCold    + . .     Gourm    .   (no shield)
rNeg     . . .     Faith    .   l - +2 scale mail {rC+}
rPois    .         Spirit   .   c - +0 helmet
rElec    .         Reflect  .   (no cloak)
rCorr    .         Harm     .   (no gloves)
MR       .....                  (no boots)
Stlth    ..........             k - amulet of rage
HPRegen  0.17/turn              r - ring of fire
MPRegen  0.10/turn              g - ring of protection from cold

@: no status effects
A: iridescent scales 2
a: Evoke Berserk Rage


You were on level 5 of the Dungeon.
You were not hungry.

You visited 1 branch of the dungeon, and saw 5 of its levels.

You collected 329 gold pieces.

Inventory:

Hand Weapons
 a - a +0 long sword (weapon)
Missiles
 d - a throwing net (quivered)
Armour
 b - a +0 leather armour
 c - a +0 helmet (worn)
 l - a +2 scale mail of cold resistance (worn)
Jewellery
 g - a ring of protection from cold (right hand)
 i - an uncursed ring of protection from cold
 k - an amulet of rage (around neck)
 n - an uncursed amulet of the acrobat
 r - a ring of fire (left hand)
 w - an uncursed ring of see invisible {unknown}
Wands
 v - a wand of acid (6)
Scrolls
 e - 5 scrolls of identify {unknown}
 m - a scroll of random uselessness {unknown}
 o - 5 scrolls of remove curse {unknown}
 q - a scroll of teleportation {unknown}
 u - a scroll of fog {unknown}
Potions
 h - a potion of heal wounds
 j - a potion of might {unknown}
 p - 3 potions of agility {unknown}
 s - a potion of curing {unknown}
 t - a potion of brilliance {unknown}
Comestibles
 f - 9 rations


   Skills:
 + Level 3.8 Fighting
 * Level 5.0 Long Blades
 - Level 2.0 Throwing
 + Level 2.6 Armour
 + Level 4.0 Dodging


You had 6 spell levels left.
You didn't know any spells.
Your spell library was empty.

Dungeon Overview and Level Annotations

Branches:
Dungeon (5/15)
 Temple: D:4-7

Altars:
Gozag
Ru
Sif Muna
Trog
Yredelemnul


Innate Abilities, Weirdness & Mutations

You are mostly covered in iridescent scales. (AC +4)


Message History

You barely miss the orc priest.
The orc priest is moderately wounded.
The orc priest hits you but does no damage.
You hit the orc priest but do no damage.
The orc priest is moderately wounded.
The orc priest closely misses you.
You riposte.
You hit the orc priest but do no damage.
The orc priest is moderately wounded.
You hit the orc priest.
The orc priest is heavily wounded.
The orc priest hits you with a +0 trident.
* * * LOW HITPOINT WARNING * * *
You closely miss the orc priest.
The orc priest is heavily wounded.
The orc priest hits you but does no damage.
You hit the orc priest but do no damage.
The orc priest is heavily wounded.
The orc priest mumbles some strange prayers to Beogh against you.
Beogh smites you!
You die...

..†'.##.##.+
#..........#####.#
..##..#.#..#
#......##### #...
.##..##.##.. #.##+###
#..#
##..##.#.##..###.##.#
#..# .......#.
......##.# #..#
#####..#.. ##
##....##########..#
#...#
#..#.............#
#.##
#.##############.. .#
#@# ### # #o# #.# ..#
###


You could see an orc priest.

Vanquished Creatures
  Blork the orc (D:4)
  A scorpion (D:4)
  A howler monkey (D:4)
  A hound (D:4)
  An orc wizard (D:3)
  An orc priest (D:5)
  2 worker ants (D:4)
  An iguana (D:5)
  3 gnolls (D:4)
  6 adders
  3 oozes
  3 worms
  A dart slug (D:1)
  2 leopard geckos
  8 orcs
  15 bats
  7 giant cockroaches
  7 goblins
  13 hobgoblins
  3 jackals (D:2)
  2 quokkas
  2 ball pythons
  7 frilled lizards
  11 kobolds
  8 rats
110 creatures vanquished.

Notes
Turn   | Place    | Note
-------+----------+-------------------------------------------
     0 | D:1      | BritishOli the Demonspawn Gladiator began the quest for the
                  | Orb.
     0 | D:1      | Reached XP level 1. HP: 16/16 MP: 1/1
    73 | D:1      | Gained mutation: You are partially covered in iridescent
                  | scales. (AC +2) [demonic ancestry]
    73 | D:1      | Reached XP level 2. HP: 19/22 MP: 2/2
   122 | D:1      | Reached skill level 3 in Long Blades
   241 | D:1      | Reached XP level 3. HP: 23/28 MP: 3/3
   736 | D:2      | HP: 1/28 [worm (10)]
  1152 | D:2      | Found a bloodstained altar of Trog.
  1219 | D:2      | Reached skill level 1 in Armour
  1225 | D:2      | Reached XP level 4. HP: 28/34 MP: 4/4
  1796 | D:3      | Found an opulent altar of Gozag.
  1933 | D:3      | Reached XP level 5. HP: 14/40 MP: 5/5
  2205 | D:3      | Found a basalt altar of Yredelemnul.
  2205 | D:3      | Found a shimmering blue altar of Sif Muna.
  2273 | D:3      | Found a sacrificial altar of Ru.
  2802 | D:4      | Reached skill level 4 in Long Blades
  3482 | D:4      | Gained mutation: You are mostly covered in iridescent
                  | scales. (AC +4) [demonic ancestry]
  3482 | D:4      | Reached XP level 6. HP: 46/47 MP: 6/6
  3678 | D:4      | Noticed Blork the orc
  3697 | D:4      | Killed Blork the orc
  4809 | D:5      | Entered Level 5 of the Dungeon
  4994 | D:5      | Reached skill level 5 in Long Blades
  4994 | D:5      | Reached XP level 7. HP: 16/53 MP: 7/7
  5006 | D:5      | Killed from afar by an orc priest

Levels and vault maps discovered:
D:1:      scummos_arrival_star, layout_basic, minmay_tall_x
D:2:      layout_loops_corners, lemuel_coloured_pillars_altar, first_ration,
          st_stairs_9
D:3:      layout_loops_ring, lemuel_doored_altar, overflow_temple_1_default,
          gammafunk_temple_overflow_elements
D:4:      layout_layer_cave, uniq_blork_the_orc
D:5:      layout_basic, temple_pool_b, minmay_pentangle

Skill      XL: |  1  2  3  4  5  6 |
---------------+-------------------+-----
Throwing       | 2 |  2.0
Long Blades    | 3 4 5 |  5.0
Dodging        | 3 4 |  4.0
Armour         | 1 2 |  2.6
Fighting       | 3 |  3.8

Action                   |  1- 3 |  4- 6 |  7- 9 || total
-------------------------+-------+-------+-------++-------
Melee: Long sword        |   115 |   275 |    11 ||   401
Throw: Throwing net      |       |     2 |       ||     2
  Use: Potion            |       |     1 |       ||     1
 Stab: Sleeping          |       |     2 |       ||     2
       Held in net/web   |       |     1 |       ||     1
  Eat: Chunk             |       |    10 |       ||    10
       Ration            |       |     1 |       ||     1
Armor: Leather armour    |    40 |    24 |       ||    64
       Scale mail        |       |   105 |     6 ||   111
Dodge: Dodged            |   109 |   188 |     2 ||   299
       Rpst.: Long sword |    41 |    58 |     1 ||   100

Table legend:
 A = Non-vault XP
 B = Vault XP
 C = Vault XP percentage of total XP
 D = Non-vault monster count
 E = Vault monster count
 F = Vault count percentage of total count
                 A         B        C        D         E       F
            +---------+---------+-------+---------+---------+-------
      Total |     640 |     120 |  15.8 |     100 |      10 |   9.1
            +---------+---------+-------+---------+---------+-------
        D:1 |      64 |       6 |   8.6 |      32 |       4 |  11.1
        D:2 |      44 |      16 |  26.7 |      24 |       3 |  11.1
        D:3 |     106 |       0 |   0.0 |      23 |       0 |   0.0
        D:4 |     320 |      90 |  22.0 |      16 |       1 |   5.9
        D:5 |     106 |       8 |   7.0 |       5 |       2 |  28.6
            +---------+---------+-------+---------+---------+-------
